 Dungeon Crawl Stone Soup version 0.29-a0-275-g389c0b56f3 (webtiles) character file.

Game seed: 17514259101164383091

708 jlumianski the Chopper (level 7, -7/54 HPs)
             Began as a Demonspawn Fighter on Mar 11, 2022.
             Killed by nerve-wracking pain
             ... invoked by Menkaure
              (9 damage)
             ... on level 4 of the Dungeon.
             The game lasted 00:17:41 (3983 turns).

jlumianski the Chopper (Demonspawn Fighter)         Turns: 3983, Time: 00:17:42

Health: -7/54      AC:  9    Str: 18    XL:     7   Next: 40%
Magic:  7/7        EV:  7    Int: 10    God:
Gold:   213        SH:  4    Dex: 12    Spells: 6/6 levels left

rFire   . . .      SeeInvis .   a - +0 war axe
rCold   . . .      Faith    .   c - +0 buckler
rNeg    . . .      Spirit   .   k - +0 chain mail
rPois   .          Reflect  .   (helmet restricted)
rElec   .          Harm     .   (no cloak)
rCorr   .          Rampage  .   (no gloves)
Will    .....                   (no boots)
Stlth   ..........              (no amulet)
HPRegen 0.18/turn               (no ring)
MPRegen 0.10/turn               (no ring)

@: mighty
A: horns 2, spiny 1, demonic magic 2
a: no special abilities


You were on level 4 of the Dungeon.
You visited 1 branch of the dungeon, and saw 4 of its levels.

You collected 213 gold pieces.

Inventory:

Hand Weapons
 a - a +0 war axe (weapon)
 w - a +0 vorpal mace
 x - a +0 short sword of electrocution
 A - a +4 dagger of speed
Missiles
 f - 118 stones (quivered)
 o - 3 poisoned darts
Armour
 b - a +0 scale mail
 c - a +0 buckler (worn)
 k - a +0 chain mail (worn)
 q - a +0 helmet
Magical Staves
 h - a staff of air
Jewellery
 n - a ring of magical power
 v - a ring of willpower
 B - a ring of see invisible
Wands
 p - a wand of flame (13)
Scrolls
 e - 6 scrolls of teleportation {unknown}
 j - 5 scrolls of identify {unknown}
 l - 3 scrolls of fear {unknown}
 r - a scroll of torment {unknown}
 s - a scroll of acquirement {unknown}
 y - 3 scrolls of noise {unknown}
Potions
 d - 2 potions of might
 g - a potion of berserk rage {unknown}
 i - a potion of curing {unknown}
 t - 2 potions of ambrosia {unknown}
 z - a potion of cancellation {unknown}


   Skills:
 + Level 4.1 Fighting
 + Level 4.7 Axes
 + Level 2.5 Throwing
 + Level 4.7 Armour
 + Level 0.6 Dodging
 + Level 0.5 Stealth
 + Level 3.2 Shields


You had 6 spell levels left.
You didn't know any spells.
Your spell library contained the following spells:

 Spells                   Type           Power      Damage    Failure   Level
 Ensorcelled Hibernation  Hex/Ice        0%         N/A       100%        2
 Passwall                 Tmut/Erth      0%         N/A       100%        2
 Swiftness                Air            0%         N/A       100%        3
 Dispersal                Tloc           0%         N/A       100%        6
 Disjunction              Tloc           0%         N/A       100%        8


Dungeon Overview and Level Annotations

Branches:
Dungeon (4/15)
 Temple: D:4-7

Altars:
Hepliaklqana
Wu Jian

Annotations:
D:4 Menkaure


Innate Abilities, Weirdness & Mutations

You have a pair of horns on your head.
You are partially covered in sharp spines.
Spells you cast may paralyse nearby enemies.


Message History

Press: ? - help, Q - select action, (/) - cycle Shift-Dir - straight line, f/p - Menkaure
Aim: Menkaure (fast, 75% to hit)
You throw a boomerang.
The boomerang hits Menkaure but does no damage.
Throw: 119 stones
Press: ? - help, Q - select action, (/) - cycle Shift-Dir - straight line, f/p - Menkaure
Aim: Menkaure (fast, 75% to hit)
You throw a stone. The stone hits Menkaure.
Menkaure is lightly damaged.
Menkaure's ankle releases a plume of dust as he confides, "I'm not really a mummy, you know."
Menkaure is struck by your spines. Menkaure barely misses you.
You slash Menkaure!
You headbutt Menkaure, but do no damage.
Menkaure is heavily damaged.
Menkaure hits you but does no damage. Menkaure barely misses you.
You hit Menkaure but do no damage.
You headbutt Menkaure, but do no damage.
Menkaure is heavily damaged.
Menkaure hits you!
You barely miss Menkaure.
Menkaure is heavily damaged.
Menkaure points at you and mumbles some strange words.
Pain shoots through your body! Menkaure is struck by your spines.
Menkaure hits you!
* * * LOW HITPOINT WARNING * * *
You hit Menkaure. You headbutt Menkaure.
Menkaure is severely damaged.
Menkaure hits you.
* * * LOW HITPOINT WARNING * * *
You feel much better. Menkaure is struck by your spines. Menkaure hits you!!
* * * LOW HITPOINT WARNING * * *
Menkaure hits you!
* * * LOW HITPOINT WARNING * * *
Okay, then.
Unknown command.
Okay, then.
You feel very mighty all of a sudden.
Menkaure gestures at you while chanting.
Pain shoots through your body!
You die...

.... .......# #...#....
.....##....####
#...)....
...............
####'''##
....)##.#..####
##8....†8 M.. #.#..#
#........ . #.#..#
#......... #.(..#
#...♣♣♣♣♣♣♣ ##.M.# ...♣
♣ #.@.# ...♣ #####
########..##8..♣ .....
...........#...♣
################...'...♣
≈.............|....'...♣
....##...#######.).'...♣
≈≈......... #..##...♣
≈.≈.##...# #).# 8..♣
≈≈.......##.####.[# ...♣


You could see Menkaure (fast).

Vanquished Creatures
  Eustachio (D:4)
  An orc warrior (D:4)
  2 scorpions
  An orc priest (D:3)
  2 hounds
  An iguana (D:4)
  Jessica (D:3)
  2 orc wizards
  Robin (D:3)
  6 adders
  3 dart slugs
  11 orcs
  4 ball pythons
  5 bats
  3 endoplasms
  A giant cockroach (D:3)
  8 hobgoblins
  3 jackals (D:3)
  6 kobolds
  4 quokkas
  4 frilled lizards
  17 goblins
  4 rats
91 creatures vanquished.

Notes
Turn   | Place    | Note
-------+----------+-------------------------------------------
     0 | D:1      | jlumianski the Demonspawn Fighter began the quest for the
                  | Orb.
     0 | D:1      | Reached XP level 1. HP: 18/18 MP: 1/1
    11 | D:1      | You fall into a shaft and drop 1 floor!
   254 | D:1      | Gained mutation: You are partially covered in sharp spines.
                  | [demonic ancestry]
   254 | D:1      | Reached XP level 2. HP: 21/24 MP: 2/2
  1152 | D:2      | Gained mutation: Spells you cast may paralyse adjacent
                  | enemies. [demonic ancestry]
  1152 | D:2      | Reached XP level 3. HP: 24/29 MP: 3/3
  1239 | D:2      | Found an ornate altar of the Wu Jian Council.
  1648 | D:3      | Reached XP level 4. HP: 21/35 MP: 4/4
  1890 | D:3      | Reached skill level 1 in Throwing
  2130 | D:3      | Noticed Robin
  2157 | D:3      | Killed Robin
  2158 | D:3      | Gained mutation: Spells you cast may paralyse nearby
                  | enemies. [demonic ancestry]
  2158 | D:3      | Reached XP level 5. HP: 41/41 MP: 5/5
  2692 | D:3      | Noticed Jessica
  2698 | D:3      | Killed Jessica
  2699 | D:3      | Gained mutation: You have a pair of small horns on your
                  | head. [demonic ancestry]
  2699 | D:3      | Reached XP level 6. HP: 45/47 MP: 6/6
  2748 | D:3      | Found a faded altar of an unknown god.
  3334 | D:4      | Noticed Eustachio
  3344 | D:4      | Killed Eustachio
  3345 | D:4      | Gained mutation: You have a pair of horns on your head.
                  | [demonic ancestry]
  3345 | D:4      | Reached XP level 7. HP: 31/53 MP: 7/7
  3486 | D:4      | Found a hazy altar of Hepliaklqana.
  3964 | D:4      | Noticed Menkaure
  3982 | D:4      | HP: 2/54 [Menkaure (11)]
  3983 | D:4      | Killed from afar by Menkaure

Illustrated notes

Levels and vault maps discovered:
D:1:      lemuel_arrival_behind_the_door_large, layout_basic,
          serial_corexii_hall, corexii_hall_statues_s,
          chequers_hall_statues_wall_a, corexii_hall_statues_l,
          chequers_serial_rivers_large_a, minmay_box_of_dots
D:2:      layout_loops_ring, basic_altar
D:3:      layout_loops_ring, chequers_ecumenical_altar_twisty, uniq_robin,
          uniq_jessica
D:4:      layout_basic, kennysheep_little_box, kennysheep_donut,
          minmay_misc_feat_doors, chequers_serial_rivers_micro_c,
          minmay_checkerbox, uniq_menkaure, uniq_eustachio

Skill      XL: |  1  2  3  4  5  6  7 |
---------------+----------------------+-----
Axes           | 2 3 4 |  4.7
Armour         | 3 4 |  4.7
Shields        | 3 |  3.2
Throwing       | 1 2 |  2.5
Fighting       | 4 |  4.1
Dodging        | |  0.6
Stealth        | |  0.5

Action                   |  1- 3 |  4- 6 |  7- 9 || total
-------------------------+-------+-------+-------++-------
Melee: War axe           |    75 |    91 |    29 ||   195
       Headbutt          |       |     2 |    11 ||    13
Throw: Stone             |    30 |    44 |     1 ||    75
       Boomerang         |       |    16 |     7 ||    23
Evoke: Wand              |       |       |     1 ||     1
  Use: Potion            |       |     2 |     3 ||     5
Armor: Scale mail        |    26 |       |       ||    26
       Chain mail        |    30 |    42 |     4 ||    76
Dodge: Dodged            |    28 |    22 |    11 ||    61
Block: Buckler           |    14 |    21 |     7 ||    42

Table legend: (Time is in decaauts)
 A = Elapsed time spent in this place.
 B = Non-inter-level travel time spent in this place.
 C = Inter-level travel time spent in this place.
 D = Time resting spent in this place.
 E = Time spent auto-exploring this place.
 F = Levels seen in this place.
 G = Mean time per level.
                   A        B        C        D        E       F      G
               +--------+--------+--------+--------+--------+-----+--------+
         Total |   4095 |   4067 |     28 |    128 |   2883 |   4 | 1023.8 |
       Dungeon |   4095 |   4067 |     28 |    128 |   2883 |   4 | 1023.8 |
               +--------+--------+--------+--------+--------+-----+--------+

Top non-repeatable levels by time:
     D:3: 1346 daAuts
     D:4: 1176 daAuts
     D:2: 794 daAuts
     D:1: 777 daAuts
